 Dungeon Crawl Stone Soup version 0.21-a0-531-gacddea6 (webtiles) character file.

84 Gerstahl the Skirmisher (level 4, -1/37 HPs)
             Began as a Demonspawn Monk on Dec 12, 2017.
             Slain by a gnoll
             ... wielding a +0 spear
              (10 damage)
             ... on level 2 of the Dungeon.
             The game lasted 00:02:34 (1724 turns).

Gerstahl the Skirmisher (Demonspawn Monk)           Turns: 1724, Time: 00:02:35

Health: -1/37      AC:  3    Str: 12    XL:     4   Next: 24%
Magic:  0/4        EV: 13    Int: 11    God:
Gold:   72         SH:  0    Dex: 16    Spells: 3/3 levels left

rFire    . . .     SeeInvis .   a - +0 falchion
rCold    . . .     Gourm    .   (no shield)
rNeg     . . .     Faith    .   b - +0 robe
rPois    .         Spirit   +   g - +0 helmet
rElec    .         Reflect  .   (no cloak)
rCorr    .         Harm     .   (no gloves)
MR       .....                  (no boots)
Stlth    ++........             (no amulet)
HPRegen  0.12/turn              (no ring)
MPRegen  0.09/turn              (no ring)

@: no status effects
A: magic shield, sturdy frame 1
a: no special abilities


You were on level 2 of the Dungeon.
You were not hungry.

You visited 1 branch of the dungeon, and saw 2 of its levels.

You collected 72 gold pieces.

Inventory:

Hand Weapons
 a - a +0 falchion (weapon)
Armour
 b - a +0 robe (worn)
 g - a +0 helmet (worn)
Jewellery
 l - an uncursed ring of resist corrosion {unknown}
Scrolls
 d - 6 scrolls of teleportation {unknown}
 i - a scroll of immolation {unknown}
 j - 2 scrolls of enchant weapon {unknown}
 k - a scroll of blinking {unknown}
 m - a scroll of amnesia {unknown}
Potions
 e - 2 potions of heal wounds
 n - a potion of flight {unknown}
Comestibles
 c - 2 bread rations
 f - a meat ration
 o - a chunk of flesh


   Skills:
 + Level 4.0 Fighting
 + Level 3.6 Long Blades
 - Level 3.0 Dodging
 - Level 1.7 Stealth


You had 3 spell levels left.
You didn't know any spells.

Dungeon Overview and Level Annotations

Branches:
Dungeon (2/15)

Altars:


Innate Abilities, Weirdness & Mutations

When hurt, damage is shared between your health and your magic reserves.
Your movements are slightly less encumbered by armour. (ER -2)


Message History

The gnoll is heavily wounded.
The gnoll hits you but does no damage. x2
The rat bites you but does no damage. The gnoll hits you with a spear.
* * * LOW HITPOINT WARNING * * *
You hit the gnoll.
The gnoll is severely wounded.
The gnoll hits you but does no damage. x2
The rat bites you but does no damage. The gnoll hits you but does no damage.
You hit the gnoll but do no damage.
The gnoll is severely wounded.
The gnoll hits you but does no damage. x2
The rat bites you but does no damage. The gnoll hits you but does no damage.
The gnoll hits you from afar with a spear.
* * * LOW HITPOINT WARNING * * *
You hit the gnoll.
The gnoll is almost dead.
You feel less wooden.
Your +0 helmet unmelds from your body.
Your +0 robe unmelds from your body.
The gnoll hits you from afar with a spear!
You die...

#PP##...#
##........# #.#
#.# .P....#.#
#........# #.#
#.# ......#.#
#........# #.#
#.. †...PP#.#
#........# #.#
### ......#.#
#........# ...
P.....P.#
##..######
......#.# ##.#
P##P.##.# #.#
........#
####@##
#########
#..†gr#
#..g#g##
#......#
#......######
#............
#............
#............
...............


You could see 3 gnolls and a rat.

Vanquished Creatures
  A worker ant (D:2)
  2 adders (D:2)
  2 worms (D:2)
  2 dart slugs
  A ball python (D:1)
  3 goblins
  2 hobgoblins (D:1)
  5 jackals
  4 bats
  3 frilled lizards (D:1)
  8 kobolds
  5 rats
38 creatures vanquished.

Vanquished Creatures (others)
  3 jackals (D:1)
  A kobold (D:1)
4 creatures vanquished.

Grand Total: 42 creatures vanquished

Notes
Turn   | Place    | Note
-------+----------+-------------------------------------------
     0 | D:1      | Gerstahl the Demonspawn Monk began the quest for the Orb.
     0 | D:1      | Reached XP level 1. HP: 18/18 MP: 1/1
   189 | D:1      | Gained mutation: Your movements are slightly less encumbered by armour. (ER -2) [demonic ancestry]
   189 | D:1      | Reached XP level 2. HP: 11/24 MP: 2/2
  1375 | D:2      | Reached XP level 3. HP: 29/29 MP: 3/3
  1556 | D:2      | Gained mutation: When hurt, damage is shared between your health and your magic reserves. [demonic ancestry]
  1556 | D:2      | Reached XP level 4. HP: 37/37 MP: 4/4
  1564 | D:2      | Reached skill level 4 in Fighting
  1724 | D:2      | Slain by a gnoll

Vault maps used:
D:1:      minmay_arrival_nine_rooms, lemuel_old_faithful
D:2:      cheibrodos_old_hovel, first_bread, minmay_misc_feat_x

Skill      XL: |  1  2  3  4 |
---------------+-------------+-----
Dodging        | 3 |  3.0
Long Blades    | 3 |  3.6
Fighting       | 4 |  4.0
Stealth        | |  1.7

Action                   |  1- 3 |  4- 6 || total
-------------------------+-------+-------++-------
Melee: Falchion          |    92 |    44 ||   136
  Use: Potion            |     2 |     1 ||     3
 Stab: Sleeping          |     2 |       ||     2
  Eat: Chunk             |     2 |     1 ||     3
Armor: Robe              |    21 |     1 ||    22
       Skin              |     4 |    73 ||    77
Dodge: Dodged            |    66 |    25 ||    91
       Rpst.: Falchion   |    22 |     7 ||    29

Table legend:
 A = Spawn XP
 B = Non-spawn XP
 C = Spawn XP percentage of total XP
 D = Spawn monster count
 E = Non-spawn monster count
 F = Spawn count percentage of total count
 G = Total turns spent on level
                    A         B        C        D         E        F      G
               +---------+---------+-------+---------+---------+-------+---------
         Total |       0 |     121 |   0.0 |       0 |      38 |   0.0 |  1724
               +---------+---------+-------+---------+---------+-------+---------
           D:1 |       0 |      31 |   0.0 |       0 |      20 |   0.0 |  1233
           D:2 |       0 |      90 |   0.0 |       0 |      18 |   0.0 |   491
               +---------+---------+-------+---------+---------+-------+---------
